 Dungeon Crawl Stone Soup version 0.27-a0-1219-g958d993ae5 (webtiles) character file.

Game seed: 2263748770353859515

2172 pcat the Thaumaturge (level 9, -5/51 HPs)
             Began as a Deep Elf Conjurer on June 7, 2021.
             Was a Follower of Vehumet.
             Slain by an orc knight
             ... wielding a +0 glaive
              (22 damage)
             ... in a bailey.
             The game lasted 00:15:47 (9567 turns).

pcat the Thaumaturge (Deep Elf Conjurer)            Turns: 9567, Time: 00:15:48

Health: -5/51      AC:  9    Str:  4    XL:     9   Next: 11%
Magic:  4/23       EV: 13    Int: 27    God:    Vehumet [*.....]
Gold:   278        SH:  0    Dex: 13    Spells: 14/25 levels left

rFire    . . .     SeeInvis .   b - +0 dagger (venom)
rCold    . . .     Faith    .   (no shield)
rNeg     . . .     Spirit   .   a - +0 robe
rPois    .         Reflect  .   e - +2 hat
rElec    .         Harm     .   w - scarf {+Inv}
rCorr    .         Rampage  .   c - +0 pair of gloves
Will     .....                  (no boots)
Stlth    ++........             (no amulet)
HPRegen  0.17/turn              v - +4 ring of protection
MPRegen  0.18/turn              (no ring)

@: no status effects
A: no striking features
a: Renounce Religion, Evoke Invisibility


You were in a bailey.
You worshipped Vehumet.
Vehumet was aware of your devotion.
You visited 2 branches of the dungeon, and saw 8 of its levels.
You also visited: Bailey.

You collected 338 gold pieces.
You spent 60 gold pieces at shops.

Inventory:

Hand Weapons
 b - a +0 dagger of venom (weapon)
Missiles
 i - 170 stones
 s - a throwing net
Armour
 a - a +0 robe (worn)
 c - a +0 pair of gloves (worn)
 e - a +2 hat (worn)
 w - a scarf of invisibility (worn)
Magical Staves
 f - a staff of fire
Jewellery
 v - a +4 ring of protection (left hand)
Wands
 l - a wand of mindburst (11)
 t - a wand of flame (20)
 u - a wand of paralysis (9)
Scrolls
 g - a scroll of amnesia
Potions
 h - 2 potions of haste {unknown}
 j - a potion of resistance {unknown}
 k - a potion of cancellation {unknown}
 m - 3 potions of heal wounds {unknown}
 n - 7 potions of curing
 o - 3 potions of brilliance
 p - 3 potions of might {unknown}
 q - 2 potions of berserk rage {unknown}
 r - 2 potions of flight {unknown}
 x - 2 potions of lignification
 z - a potion of ambrosia {unknown}
 A - a potion of invisibility {unknown}


   Skills:
 + Level 3.6 Fighting
 + Level 3.7 Dodging
 - Level 2.4 Stealth
 * Level 8.9 Spellcasting
 * Level 8.4 Conjurations
 * Level 5.4 Translocations
 * Level 2.5 Air Magic


You had 14 spell levels left.
You knew the following spells:

 Your Spells              Type           Power      Damage    Failure   Level
a - Magic Dart            Conj           100%       1d8       1%          1
b - Searing Ray           Conj           100%       3d7       1%          2
c - Iskenderun's Mystic   Conj/Tloc      49%        2d11      2%          4
d - Airstrike             Air            12%        N/A       17%         4

Your spell library contained the following spells:

 Spells                   Type           Power      Damage    Failure   Level
 Shock                    Conj/Air       100%       1d9       1%          1
 Foxfire                  Conj/Fire      100%       2x1d9     1%          1
 Static Discharge         Conj/Air       41%        N/A       1%          2
 Conjure Flame            Conj/Fire      34%        6-21      2%          3
 Dazzling Flash           Conj/Hex       68%        N/A       2%          3
 Beastly Appendage        Tmut           24%        N/A       4%          1
 Poisonous Vapours        Pois/Air       36%        N/A       4%          2
 Wereblood                Tmut           12%        N/A       8%          2
 Fulminant Prism          Conj/Hex       17%        3d11      9%          4
 Sticky Flame             Conj/Fire      34%        2d5       9%          4
 Inner Flame              Hex/Fire       12%        N/A       14%         3
 Spider Form              Tmut/Pois      6%         N/A       14%         3
 Fireball                 Conj/Fire      17%        3d9       24%         5
 Ice Form                 Ice/Tmut       12%        N/A       43%         4
 Hydra Form               Tmut           6%         N/A       80%         5
 Tornado                  Air            12%        N/A       100%        9


Dungeon Overview and Level Annotations

Branches:
Dungeon (7/15)             Temple (1/1) D:5          Bailey (1/1)

Altars:
Ashenzari
Cheibriados
Dithmenos
Elyvilon
Gozag
Hepliaklqana
Kikubaaqudgha
Makhleb
Nemelex Xobeh
Okawaru
Ru
Sif Muna
Uskayaw
Vehumet
Wu Jian
Yredelemnul
Zin
The Shining One

Shops:
D:4 !   D:6 :


Message History

The orc warrior is knocked back by the mystic blast.
The orc warrior collides with the orc knight!
The mystic blast hits the orc!!
You kill the orc!
Vehumet accepts your kill.
The orc warrior no longer looks unusually strong.
The orc knight no longer looks unusually strong.
The orc no longer looks unusually strong.
The orc knight roars a battlecry!
The orcs go into a battle-frenzy!
An orc knight comes into view. It is wielding a +0 glaive.
The orc knight no longer looks unusually strong.
The orc warrior no longer looks unusually strong.
The orc knight roars a battlecry!
The orcs go into a battle-frenzy!
The orc knight moves out of view.
There is an open gate here.
You close the gate.
As you read the scroll of fog, it crumbles to dust.
The scroll dissolves into smoke.
An orc knight opens the gate.
The orc knight closely misses you.
Things that are here:
a +0 glaive; a +0 scale mail The orc knight closely misses you.
The orc knight no longer looks unusually strong.
The orc knight roars a battlecry!
The orc knight goes into a battle-frenzy!
There is an open door here.
The orc warrior no longer looks unusually strong.
The orc knight roars a battlecry!
The orc warrior goes into a battle-frenzy!
The orc knight no longer looks unusually strong.
The orc knight roars a battlecry!
The orc knight goes into a battle-frenzy!
The orc knight roars a battlecry!
The orc no longer looks unusually strong.
There is an open door here.
The orc knight roars a battlecry!
The orc knight hits you from afar with a +0 glaive!!
You die...

##..o..##
###o###
#.o.#
#...#
#...#
#...#
###o###
##.....##
#...@...#
#.......#
#.))))..#
#.)..)..#
#.).....#
#.......#
#.......#
#.......#
#∩.....∩#


You could see 2 orc knights and an orc warrior (strong).

Vanquished Creatures
  An ice beast (D:6)
  5 orc warriors (Bailey)
  A hornet zombie (D:5)
  An ogre (D:4)
  3 phantoms (D:5)
  A bullfrog (D:4)
  4 scorpions
  3 water moccasin zombies
  A bullfrog zombie (D:5)
  A centaur zombie (D:5)
  An orc priest (D:4)
  A centaur skeleton (D:7)
  5 iguanas
  4 orc wizards
  A howler monkey skeleton (D:5)
  9 gnolls
  13 adders
  3 shadow imps
  An ufetubus (D:5)
  An adder zombie (D:5)
  An adder skeleton (D:4)
  2 worms
  2 dart slugs
  40 orcs
  5 ball pythons
  8 bats
  6 endoplasms
  4 giant cockroaches
  8 goblins
  6 hobgoblins
  5 jackals
  4 quokkas
  3 frilled lizards
  9 kobolds
  2 rats
165 creatures vanquished.

Vanquished Creatures (others)
  A plant (D:2)
1 creature vanquished.

Grand Total: 166 creatures vanquished

Notes
Turn   | Place    | Note
-------+----------+-------------------------------------------
     0 | D:1      | pcat the Deep Elf Conjurer began the quest for the Orb.
     0 | D:1      | Reached XP level 1. HP: 10/10 MP: 6/6
   518 | D:1      | Reached XP level 2. HP: 16/16 MP: 4/8
  1364 | D:2      | Reached XP level 3. HP: 20/20 MP: 7/10
  1556 | D:2      | Found a faded altar of an unknown god.
  1575 | D:2      | Reached skill level 5 in Conjurations
  1601 | D:2      | Reached skill level 1 in Fighting
  1935 | D:2      | Reached XP level 4. HP: 25/25 MP: 7/12
  3368 | D:3      | Reached skill level 5 in Spellcasting
  3368 | D:3      | Reached XP level 5. HP: 29/29 MP: 8/14
  4018 | D:4      | HP: 1/30 [orc priest/nerve-wracking pain (8)]
  4255 | D:4      | Learned a level 2 spell: Searing Ray
  4260 | D:4      | Learned a level 4 spell: Iskenderun's Mystic Blast
  4263 | D:4      | Found a glowing drain.
  4336 | D:4      | Found a radiant altar of Vehumet.
  4344 | D:4      | Became a worshipper of Vehumet
  4364 | D:4      | Noticed an ogre
  4370 | D:4      | Killed an ogre
  4371 | D:4      | Reached skill level 1 in Translocations
  4371 | D:4      | Reached XP level 6. HP: 35/35 MP: 8/16
  4448 | D:4      | Found a glowing golden altar of the Shining One.
  5115 | D:4      | Found Vyjyufiu's Distillery.
  5120 | D:4      | Bought 2 potions of lignification for 60 gold pieces
  5358 | D:5      | Entered Level 5 of the Dungeon
  5533 | D:5      | Reached XP level 7. HP: 32/40 MP: 10/18
  5568 | D:5      | Found a staircase to the Ecumenical Temple.
  5580 | Temple   | Entered the Ecumenical Temple
  5796 | Temple   | Identified a scroll of acquirement
  5796 | Temple   | Acquired the Compendium of Lightness
  6746 | D:5      | Reached XP level 8. HP: 43/45 MP: 13/21
  8020 | D:6      | Reached * piety under Vehumet
  8020 | D:6      | Offered knowledge of Shock by Vehumet.
  8026 | D:6      | Learned a level 4 spell: Airstrike
  8338 | D:6      | Reached skill level 1 in Air Magic
  8741 | D:6      | Found a basalt altar of Yredelemnul.
  8747 | D:6      | Found an iron altar of Okawaru.
  8752 | D:6      | Found an opulent altar of Gozag.
  8839 | D:6      | Found Aruis's Book Shop.
  9019 | D:7      | Found a hide-covered altar of Uskayaw.
  9232 | D:7      | Found a flagged portal.
  9251 | Bailey   | Entered a bailey
  9259 | Bailey   | Reached skill level 5 in Translocations
  9385 | Bailey   | Reached XP level 9. HP: 51/51 MP: 11/23
  9532 | Bailey   | Noticed an orc knight
  9533 | Bailey   | Noticed an orc knight
  9533 | Bailey   | Noticed an orc knight
  9544 | Bailey   | Noticed an orc knight
  9550 | Bailey   | Noticed an orc knight
  9567 | Bailey   | Slain by an orc knight

Illustrated notes

Levels and vault maps discovered:
D:1:      sevenhm_arrival_forest_fort_small_6, layout_loops_corners
D:2:      minmay_diamond_boxcup, layout_loops_corners,
          chequers_ecumenical_altar_simple_redux, serial_forest,
          infiniplex_forest_clump_double, infiniplex_forest_lined_room_3,
          infiniplex_forest_lined_2, kennysheep_generic_room_13
D:3:      minmay_angry_zag, layout_basic
D:4:      layout_cave_pods, vehumet_altar_wand_db, tso_altar, serial_shops,
          kennysheep_little_box, gup_sewer_entry_glass
D:5:      minmay_razor_zed, layout_loops_ring, minmay_temple_entry_antechambers
D:6:      layout_basic, minmay_overflow_temple_star_quad, serial_shops, shop,
          roderic_serpentine_path, grunt_decor_one_mirror
D:7:      layout_gridville, nicolae_uskayaw_murder_on_the_dancefloor,
          serial_co_window_serial, co_window_paths_a,
          co_window_of_opportunity_a, co_window_paths_a, co_window_corner_a,
          co_window_paths_b, co_window_cross_3, co_window_2corner,
          co_window_paths_c, co_window_of_opportunity_b, co_window_paths_e,
          glass_columns_c, glass_columns_a, glass_columns_a, glass_columns_a,
          enter_bailey_2
Temple:   minmay_temple_bridge_abc
Bailey:   bailey_polearm_5, bailey

Skill      XL: |  1  2  3  4  5  6  7  8 |
---------------+-------------------------+-----
Spellcasting   | 4 5 6 7 8 |  8.9
Conjurations   | 5 6 7 8 |  8.4
Fighting       | 1 2 3 |  3.6
Translocations | 1 2 3 5 |  5.4
Dodging        | 3 |  3.7
Air Magic      | 2 |  2.5
Stealth        | |  2.4

Action                   |  1- 3 |  4- 6 |  7- 9 || total
-------------------------+-------+-------+-------++-------
 Cast: Magic Dart        |    77 |   133 |   159 ||   369
       Searing Ray       |       |     6 |    21 ||    27
       Iskenderun's Myst |       |       |    17 ||    17
  Use: Potion            |       |     2 |       ||     2
       Scroll            |       |     1 |    10 ||    11
Armor: Robe              |     2 |     6 |    21 ||    29
Dodge: Dodged            |    10 |    24 |    35 ||    69

Table legend: (Time is in decaauts)
 A = Elapsed time spent in this place.
 B = Non-inter-level travel time spent in this place.
 C = Inter-level travel time spent in this place.
 D = Time resting spent in this place.
 E = Time spent auto-exploring this place.
 F = Levels seen in this place.
 G = Mean time per level.
                   A        B        C        D        E       F      G
               +--------+--------+--------+--------+--------+-----+--------+
         Total |   9567 |   9250 |    317 |    257 |   8080 |   9 | 1063.0 |
       Dungeon |   9010 |   8714 |    296 |     75 |   7888 |   7 | 1287.1 |
        Temple |    241 |    220 |     21 |      0 |    192 |   1 |  241.0 |
        Bailey |    315 |    315 |      0 |    182 |      0 |   1 |  315.0 |
               +--------+--------+--------+--------+--------+-----+--------+

Top non-repeatable levels by time:
     D:5: 2052 daAuts
     D:4: 1607 daAuts
     D:2: 1527 daAuts
     D:6: 1351 daAuts
     D:1: 1147 daAuts
     D:3: 1076 daAuts
  Bailey: 315 daAuts
     D:7: 246 daAuts
  Temple: 241 daAuts
